 Dungeon Crawl Stone Soup version 0.16.2-12-gd0ad4c3 (webtiles) character file.

44 faibistes the Magician (level 3, -6/19 HPs)
             Began as a Deep Elf Wizard on Jan 6, 2018.
             Mangled by an ogre
             ... wielding a +0 giant club
              (12 damage)
             ... on level 4 of the Dungeon.
             The game lasted 00:05:13 (2104 turns).

faibistes the Magician (Deep Elf Wizard)            Turns: 2104, Time: 00:05:14

Health: -6/19      AC:  2    Str:  4    XL:     3   Next: 41%
Magic:  0/13       EV: 13    Int: 23    God:
Gold:   62         SH:  0    Dex: 13    Spells: 5 memorised, 0 levels left

rFire  . . .     SeeInvis .     g - +0 short sword
rCold  . . .     Clarity  .     a - +0 robe
rNeg   . . .     SustAb   .     (no shield)
rPois  .         Gourm    .     b - +0 hat
rElec  .         Spirit   .     (no cloak)
rCorr  .         Warding  .     (no gloves)
rMut   .         Stasis   .     (no boots)
MR     .....                    (no amulet)
Stlth  ++........               (no ring)
                                (no ring)

@: not resistant to hostile enchantments, unstealthy
A: no striking features
a: no special abilities


You were on level 4 of the Dungeon.
You were hungry.

You visited 1 branch of the dungeon, and saw 4 of its levels.

You collected 62 gold pieces.

Inventory:

Hand weapons
 e - a +0 club
 g - a +0 short sword (weapon)
Armour
 a - a +0 robe (worn)
 b - a +0 hat (worn)
Scrolls
 f - a scroll of amnesia
Potions
 i - a potion of might {unknown}
Books
 c - a book of Minor Magic

   Spells                             Type                      Level
   a - Magic Dart                     Conjuration                  1
   b - Blink                          Translocation                2
   c - Call Imp                       Summoning                    2
   d - Repel Missiles                 Charms/Air                   2
   e - Slow                           Hexes                        2
   f - Conjure Flame                  Conjuration/Fire             3
   g - Mephitic Cloud                 Conjuration/Poison/Air       3
Comestibles
 d - 2 bread rations
 h - a beef jerky
 j - 4 fruits
 k - a chunk of flesh


   Skills:
 + Level 3.1 Dodging
 - Level 2.4 Stealth
 * Level 4.8 Spellcasting
 * Level 2.9 Conjurations
 - Level 1.1 Summonings
 - Level 1.1 Translocations


You couldn't memorise any spells.
You knew the following spells:

 Your Spells              Type           Power        Failure   Level  Hunger
a - Magic Dart            Conj           ###.         2%          1    None
b - Conjure Flame         Conj/Fire      ##......     17%         3    ##.....
c - Call Imp              Summ           ##......     12%         2    None
d - Blink                 Tloc           N/A          12%         2    None
e - Mephitic Cloud        Conj/Pois/Air  #.......     21%         3    ##.....


Dungeon Overview and Level Annotations

Branches:
Dungeon (4/15)
 Temple: D:4-7

Altars:


Message History

The ball explodes into a vile cloud!
The stinking cloud engulfs the worm.
The worm is lightly wounded.
The ogre misses your crimson imp.
Your crimson imp blinks!
The worm is engulfed in noxious fumes.
The hound barely misses your crimson imp.
Your crimson imp blinks!
The ogre closely misses you.
Your crimson imp disappears in a puff of smoke!
There is a stone staircase leading down here.
Your crimson imp disappears in a puff of smoke!
Read which item? (? for menu, Esc to quit)
Okay, then.
Casting: Mephitic Cloud
Confirm with . or Enter, or press ? or * to list all spells.
A beastly little devil appears in a puff of frigid air.
The ogre barely misses you.
You swap places.
The hound bites you. The ogre hits you with a giant club!
Ouch! That really hurt!
You die...

#### ####+#..#
#.......####
#............
########.......####
..h....ยง....>.wh@#
####.......###.O5#
#.......# #####
#.......... #
#+####....## #
....... # ........
# ...... ### .....


You could see a worm, an ogre, a hound and a friendly white imp.

Vanquished Creatures
  A hound skeleton (D:4)
  An adder skeleton (D:4)
  An ooze (D:1)
  3 giant cockroaches
  2 hobgoblins (D:1)
  4 bats
  A giant gecko (D:1)
  A giant newt (D:1)
  4 goblins (D:1)
  6 kobolds
  6 rats
30 creatures vanquished.

Vanquished Creatures (collateral kills)
  An orc (D:2)
  A rat (D:2)
2 creatures vanquished.

Grand Total: 32 creatures vanquished

Notes
Turn   | Place    | Note
--------------------------------------------------------------
     0 | D:1      | faibistes, the Deep Elf Wizard, began the quest for the Orb.
     0 | D:1      | Reached XP level 1. HP: 10/10 MP: 6/6
   395 | D:1      | Reached XP level 2. HP: 15/15 MP: 7/9
   399 | D:1      | Learned a level 2 spell: Blink
   402 | D:1      | Learned a level 2 spell: Call Imp
  1751 | D:2      | Reached XP level 3. HP: 3/19 MP: 5/12
  1769 | D:2      | Learned a level 3 spell: Conjure Flame
  1773 | D:2      | Learned a level 3 spell: Mephitic Cloud
  2090 | D:4      | Noticed an ogre
  2104 | D:4      | Mangled by an ogre

Action                   || total
-------------------------++-------
Melee: Short sword       ||     2
 Cast: Magic Dart        ||    61
       Call Imp          ||     5
       Blink             ||     1
       Conjure Flame     ||     2
       Mephitic Cloud    ||     1
  Use: Scroll            ||     2
  Eat: Chunk             ||     2
       Fruit             ||     1
